 Dungeon Crawl Stone Soup version 0.18.1-48-g4cf74bf (webtiles) character file.

3740 Dickchan the Frost Mage (level 10, 0/73 HPs)
             Began as a Merfolk Ice Elementalist on Aug 28, 2016.
             Slain by an ice beast (15 damage)
             ... summoned by the player character
             ... on level 9 of the Dungeon.
             The game lasted 00:23:33 (8482 turns).

Dickchan the Frost Mage (Merfolk Ice Elementalist)  Turns: 8482, Time: 00:23:34

Health: 0/73       AC:  9    Str: 10    XL:     10   Next: 15%
Magic:  2/13       EV: 13    Int: 17    God:
Gold:   247        SH:  0    Dex: 19    Spells: 3 memorised, 6 levels left

rFire  + . .     SeeInvis .     J - +7 scythe "Kiwkueze" {venom, +Fly rPois Dex+5}
rCold  x . .     Gourm    .     L - +2 robe {MR+}
rNeg   . . .     Faith    .     (shield currently unavailable)
rPois  +         Spirit   .     M - +1 hat
rElec  .         Dismiss  .     K - +2 cloak
rCorr  .         Reflect  .     A - +0 pair of gloves
SustAt .         Harm     .     (no boots)
MR     ++...                    (no amulet)
Stlth  ++........               H - ring of fire
                                z - ring of protection from magic

@: very slightly contaminated, very resistant to hostile enchantments,
unstealthy
A: change form in water, swift swim
a: Evoke Flight


You were on level 9 of the Dungeon.
You were hungry.

You visited 2 branches of the dungeon, and saw 10 of its levels.
You also visited: Sewer.

You collected 572 gold pieces.
You spent 325 gold pieces at shops.

Inventory:

Hand Weapons
 J - the +7 scythe "Kiwkueze" (weapon) {venom, +Fly rPois Dex+5}
   (You bought it in a shop on level 4 of the Dungeon)

   It poisons the flesh of those it strikes.
   It affects your dexterity (+5).
   It protects you from poison.
   It lets you fly.
Armour
 a - a +0 robe
 v - a +2 shield
 y - a +0 cloak
 A - a +0 pair of gloves (worn)
 I - a +2 robe of fire resistance
 K - a +2 cloak (worn)
 L - a +2 robe of magic resistance (worn)
 M - a +1 hat (worn)
Jewellery
 i - an uncursed ring of protection from fire
 x - an uncursed ring of see invisible
 z - a ring of protection from magic (left hand)
 H - a ring of fire (right hand)
 R - an uncursed amulet of regeneration {unknown}
Wands
 E - a wand of confusion (48/48)
 N - a wand of iceblast (6/15)
 O - a wand of polymorph (4/24)
Scrolls
 d - 2 scrolls of remove curse
 g - 2 scrolls of teleportation
 j - a scroll of enchant weapon
 r - a scroll of recharging
 s - 3 scrolls of magic mapping
 u - 4 scrolls of identify
 w - 2 scrolls of enchant armour
Potions
 e - a potion of magic {unknown}
 k - 4 potions of ambrosia {unknown}
 l - a potion of resistance
 m - 2 potions of curing {unknown}
 p - 2 potions of lignification {unknown}
 q - a potion of cancellation {unknown}
 t - 2 potions of degeneration {unknown}
 B - 3 potions of flight {unknown}
 C - 2 potions of heal wounds {unknown}
 D - a potion of brilliance {unknown}
 F - a potion of berserk rage {unknown}
 Q - a potion of might {unknown}
Books
 b - a book of Frost

   Spells                             Type                      Level
   a - Freeze                         Ice                          1
   b - Throw Frost                    Conjuration/Ice              2
   c - Ozocubu's Armour               Charms/Ice                   3
   d - Throw Icicle                   Conjuration/Ice              4
   e - Summon Ice Beast               Ice/Summoning                4
 S - a book of Envenomations

   Spells                             Type                      Level
   a - Spider Form                    Transmutation/Poison         3
   b - Olgreb's Toxic Radiance        Poison                       4
   c - Alistair's Intoxication        Transmutation/Poison         5
   d - Poisonous Cloud                Conjuration/Poison/Air       6
Comestibles
 c - 7 bread rations
 f - 4 meat rations
 h - 10 fruits
 n - 10 slices of pizza
 o - a royal jelly
 G - 2 beef jerkies
 P - 2 chunks of flesh


   Skills:
 * Level 4.7 Fighting
 * Level 9.0 Polearms
 - Level 2.6 Dodging
 - Level 2.1 Stealth
 + Level 2.5 Spellcasting
   Level 0.7 Conjurations
 - Level 8.0 Summonings
 - Level 10.0 Ice Magic


You had 6 spell levels left.
You knew the following spells:

 Your Spells              Type           Power        Failure   Level  Hunger
a - Freeze                Ice            ###.         1%          1    #......
b - Summon Ice Beast      Ice/Summ       ###.....     6%          4    #####..
c - Ozocubu's Armour      Chrm/Ice       #.......     10%         3    ###....


Dungeon Overview and Level Annotations

Branches:
Dungeon (9/15)             Temple (1/1) D:6             Orc (0/2) D:9
   Lair: D:8-11

Altars:
Fedhas
Kikubaaqudgha
Nemelex Xobeh
Pakellas

Shops:
D:4 }(   D:6 =   D:8 [

Annotations:
D:6 exclusion: oklob plant


Message History

Your ice beast is almost dead.
Evoking this partially-identified wand wasted a few charges.
The ice beast hits you. The ice beast freezes you!
You feel a terrible chill!
You slash the hound!
You kill the hound!
The killer bee misses you. The ice beast closely misses you.
The killer bee misses you. The ice beast barely misses you.
You miss the killer bee.
The killer bee stings you but does no damage.
The killer bee misses you. The ice beast hits you. The ice beast freezes you!
You feel a terrible chill!
* * * LOW HITPOINT WARNING * * *
The killer bee stings you but does no damage.
Unknown command.
You miss the killer bee. The killer bee stings you.
* * * LOW HITPOINT WARNING * * *
The killer bee barely misses you. The ice beast hits you.
* * * LOW HITPOINT WARNING * * *
The ice beast freezes you!
You feel a terrible chill!
You die...

#...# #..# . #..<# #..#
.. #...#######..# ...
#......<...... ....
#............. .....
#.............
.....†######..#########..
...$..†y......# #..
......YY@.....# #..
.......#####..# #..
....... #..# #.. .......
#..# #.. ....... #..# #..
....... #..# #.. #####..
#..# #.. #.. #..# #..
#..# #..# #..


You could see an ice beast, a sky beast and a killer bee.

Vanquished Creatures
  A two-headed ogre (D:9)
  2 yaks
  A hippogriff (D:9)
  An orc warrior (D:9)
  A black bear (D:7)
  A centaur (D:9)
  3 ogres
  2 big kobolds
  3 giant frogs
  A water moccasin skeleton (D:6)
  6 killer bees
  A howler monkey (D:5)
  3 crimson imps
  A centaur zombie (D:5)
  A giant frog skeleton (D:5)
  4 hounds
  A centaur skeleton (D:6)
  6 orc wizards
  2 orc priests
  4 iguanas
  Ijyb (D:2)
  Natasha (twice) (D:2)
  3 worker ants
  2 sheep (D:7)
  A hound skeleton (D:9)
  4 river rats
  11 adders
  A shadow imp (D:6)
  An ooze (D:6)
  An adder skeleton (D:8)
  3 worms (D:2)
  2 dart slugs (D:2)
  7 giant geckos
  12 orcs
  5 ball pythons
  7 bats
  4 giant cockroaches
  11 goblins
  2 hobgoblins
  8 jackals
  19 kobolds
  2 quokkas
  4 giant newts
  A jackal skeleton (D:4)
  9 rats
168 creatures vanquished.

Vanquished Creatures (collateral kills)
  The ghost of Noshyer the Archer, a novice HEHu (D:4)
  A human (D:7)
  3 yaks
  A hog (D:7)
  Duvessa (D:6)
  A black bear (D:7)
  Dowan (D:6)
  2 killer bees (D:9)
  2 crimson imps (D:7)
  2 orc priests
  3 orc wizards
  Crazy Yiuf (D:6)
  A sheep (D:7)
  A hound zombie (D:5)
  2 adders
  16 orcs
  A giant cockroach (D:5)
  5 kobolds (D:7)
45 creatures vanquished.

Grand Total: 213 creatures vanquished

Notes
Turn   | Place    | Note
--------------------------------------------------------------
     0 | D:1      | Dickchan the Merfolk Ice Elementalist began the quest for the Orb.
     0 | D:1      | Reached XP level 1. HP: 13/13 MP: 3/3
   171 | D:1      | Reached XP level 2. HP: 19/19 MP: 0/5
   202 | D:1      | Reached skill level 4 in Ice Magic
   642 | D:1      | Reached XP level 3. HP: 23/24 MP: 3/6
   970 | D:2      | Noticed Ijyb
   981 | D:2      | Killed Ijyb
   981 | D:2      | Reached skill level 5 in Ice Magic
  1163 | D:2      | Noticed Natasha
  1169 | D:2      | Killed Natasha
  1169 | D:2      | Reached XP level 4. HP: 23/30 MP: 1/7
  1857 | D:2      | Noticed Natasha
  1866 | D:2      | Killed Natasha
  1866 | D:2      | Reached skill level 6 in Ice Magic
  1866 | D:2      | Reached XP level 5. HP: 28/35 MP: 2/8
  2541 | D:3      | Found an ancient bone altar of Kikubaaqudgha.
  2608 | D:4      | Noticed Noshyer's ghost (novice HEHu)
  2704 | D:4      | Found a glowing drain.
  2785 | Sewer    | Entered a sewer
  2793 | Sewer    | Reached skill level 7 in Ice Magic
  2945 | Sewer    | Noticed a big kobold
  2951 | Sewer    | Reached XP level 6. HP: 40/41 MP: 6/9
  3111 | Sewer    | Found a white marble altar of Elyvilon.
  3390 | D:4      | Found Yngy's Antique Weapon Shop.
  3507 | D:4      | Found Cigaos's Gadget Emporium.
  3519 | D:4      | Reached skill level 8 in Ice Magic
  3777 | D:4      | Learned a level 4 spell: Summon Ice Beast
  3805 | D:4      | Reached skill level 1 in Summonings
  3805 | D:4      | Reached XP level 7. HP: 44/46 MP: 5/10
  3911 | D:5      | Entered Level 5 of the Dungeon
  3924 | D:5      | Found a sparkling altar of Nemelex Xobeh.
  3925 | D:5      | Found an oddly glowing altar of Pakellas.
  4534 | D:4      | Bought a scorched scythe for 208 gold pieces
  4534 | D:4      | Identified the +7 scythe "Kiwkueze" {venom, +Fly rPois Dex+5} (You bought it in a shop on level 4 of the Dungeon)
  4563 | D:4      | Killed Noshyer's ghost
  4563 | D:4      | Reached skill level 5 in Summonings
  4563 | D:4      | Reached XP level 8. HP: 14/52 MP: 0/11
  4879 | D:5      | Reached skill level 1 in Polearms
  5226 | D:6      | Got an ivory dagger
  5274 | D:6      | Identified the +5 dagger "Undertaker" {venom, Fragile Str+6 SInv} (You found it on level 6 of the Dungeon)
  5291 | D:6      | Found Icelixt's Jewellery Boutique.
  5568 | D:6      | Found a sparkling altar of Nemelex Xobeh.
  5602 | D:6      | Found a blossoming altar of Fedhas.
  5614 | D:6      | Noticed an oklob plant
  5618 | D:6      | Noticed Duvessa
  5622 | D:6      | Noticed Dowan
  5626 | D:6      | Killed Duvessa
  5630 | D:6      | Killed Dowan
  5738 | D:6      | Noticed Crazy Yiuf
  5746 | D:6      | Killed Crazy Yiuf
  5774 | D:6      | Found a staircase to the Ecumenical Temple.
  5781 | Temple   | Entered the Ecumenical Temple
  5970 | D:7      | Noticed a yak
  5970 | D:7      | Noticed a yak
  5970 | D:7      | Noticed a yak
  5971 | D:7      | Noticed a yak
  5974 | D:7      | Noticed a yak
  5975 | D:7      | Killed a yak
  5980 | D:7      | Killed a yak
  5994 | D:7      | Killed a yak
  5994 | D:7      | Reached skill level 9 in Ice Magic
  6030 | D:6      | Killed a yak
  6030 | D:6      | Reached skill level 5 in Polearms
  6279 | D:6      | Killed a yak
  6279 | D:6      | Reached XP level 9. HP: 35/57 MP: 4/12
  6585 | D:7      | Learned a level 3 spell: Ozocubu's Armour
  6730 | D:7      | Reached skill level 1 in Fighting
  7169 | D:8      | Reached skill level 10 in Ice Magic
  7240 | D:8      | Found Voil's Antique Armour Boutique.
  7247 | D:8      | Bought an embroidered robe for 17 gold pieces
  7247 | D:8      | Bought an embroidered hat for 100 gold pieces
  7974 | D:9      | Noticed a two-headed ogre
  7979 | D:9      | Killed a two-headed ogre
  7979 | D:9      | Reached XP level 10. HP: 71/71 MP: 4/13
  8186 | D:9      | Found a staircase to the Orcish Mines.
  8482 | D:9      | Slain by an ice beast

Skill      XL: |  1  2  3  4  5  6  7  8  9 10 |
---------------+-------------------------------+-----
Ice Magic      | 4 5 6 7 8 9 10 | 10.0
Summonings     | 1 5 6 8 |  8.0
Polearms       | 5 8 9 |  9.0
Fighting       | 4 |  4.7
Dodging        | |  2.6
Stealth        | |  2.1
Spellcasting   | |  2.5
Conjurations   | |  0.7

Action                   |  1- 3 |  4- 6 |  7- 9 | 10-12 || total
-------------------------+-------+-------+-------+-------++-------
Melee: Unarmed           |    36 |     7 |    37 |       ||    80
       Scythe            |       |       |   160 |    17 ||   177
 Cast: Freeze            |    43 |   113 |    38 |       ||   194
       Summon Ice Beast  |       |       |    33 |     2 ||    35
       Ozocubu's Armour  |       |       |     3 |     1 ||     4
Evoke: Wand              |       |       |       |     1 ||     1
  Use: Scroll            |       |       |    10 |       ||    10
 Stab: Sleeping          |       |       |     7 |       ||     7
       Distracted        |       |       |     3 |       ||     3
  Eat: Chunk             |     1 |    10 |    23 |     2 ||    36
Armor: Robe              |    13 |    13 |    75 |     8 ||   109
Dodge: Dodged            |    51 |    62 |   175 |    17 ||   305
